CAROLINA vs COLORADO

Created - February-06-21 at 20:30

Goals
1 2 3 T
CAROLINA 0 0 2 2
COLORADO 2 0 1 3
Shots
1 2 3 T
CAROLINA 12 12 14 38
COLORADO 8 2 6 16

1st period

1. COLORADO , Nick Bjugstad 1 (Artturi Lehkonen 9, Jonas Brodin 6) at 7:54
2. COLORADO , David Pastrnak 7 (Dylan Larkin 15, Jonas Brodin 7) at 18:57 (PP)

Penalties :
Brandon Carlo (COL) for Tripping (Minor) at 3:13, Deryk Engelland (CAR) for High sticking (Minor) at 11:09, Dmitri Sokolov (CAR) for Hooking (Minor) at 18:03

2nd period

No Goal

Penalties :
Shea Weber (CAR) for Cross-checking (Minor) at 17:04

3rd period

3. CAROLINA , Vladimir Tarasenko 2 (Brent Burns 19, Shea Weber 6) at 8:19 (PP)
4. CAROLINA , Adam Henrique 6 (Sebastian Aho 7) at 8:31
5. COLORADO , David Krejci 2 (Mattias Janmark 1, John Moore 5) at 14:31

Penalties :
Calvin de Haan (COL) for High sticking (Double Minor) at 5:58

Goalie Stats

Sergei Bobrovsky (CAR), 13 saves from 16 shots - (0.813), L, 12-6-1, 59:01 minutes
Carey Price (COL), 36 saves from 38 shots - (0.947), W, 15-3-0, 60:00 minutes

Players Stats for CAROLINA

Player Name              G  A  P  +/- PIM S  H  SB GA TA FO     MP     PP MP  PK MP  
------------------------------------------------------------------------------------
Adam Henrique            1  0  1   0  0   11 0  0  0  0  1/1    14:06   0:00   0:00 
Alexander Radulov        0  0  0  -1  0   3  0  0  0  0  2/3    19:49   2:23   1:29 
Brent Burns              0  1  1  -1  0   1  1  2  0  0  0/0    25:37   1:50   2:22 
CAR Cap Hit              0  0  0   0  0   0  0  0  0  0  0/0     3:47   0:00   0:30 
Cooper Marody            0  0  0   0  0   0  0  0  0  0  0/0     0:00   0:00   0:00 
David Kampf              0  0  0   0  0   4  0  0  0  0  9/19   14:40   0:00   0:34 
Deryk Engelland          0  0  0  -1  2   0  3  0  0  0  0/0    19:35   2:30   1:17 
Dmitri Sokolov           0  0  0   0  2   0  2  1  0  0  1/2    14:21   0:00   0:16 
Dominik Kubalik          0  0  0   0  0   0  1  0  0  0  0/2    17:22   1:57   0:38 
Duncan Keith             0  0  0  -1  0   3  0  1  0  0  0/0    20:49   2:30   2:30 
Joel L'Esperance         0  0  0   0  0   1  0  0  0  0  0/0     5:58   0:00   0:00 
Matt Benning             0  0  0   1  0   0  1  0  0  0  0/0    15:33   0:00   1:59 
Matt Martin              0  0  0  -1  0   0  2  0  0  0  2/2    18:20   2:23   0:00 
Nicklas Backstrom        0  0  0  -1  0   4  0  0  0  0  9/14   20:49   2:23   2:29 
Patrice Bergeron         0  0  0   0  0   1  2  0  0  0  16/23  25:31   1:57   2:49 
Sam Lafferty             0  0  0   0  0   0  3  0  0  0  3/10    5:58   0:00   0:00 
Sebastian Aho            0  1  1   1  0   2  0  1  0  0  0/0    13:34   0:00   0:00 
Shea Weber               0  1  1  -1  2   2  6  0  0  0  0/0    21:03   1:50   1:06 
Vladimir Tarasenko       1  0  1   0  0   6  1  0  0  0  2/6    18:13   1:57   1:29 

Players Stats for COLORADO

Player Name              G  A  P  +/- PIM S  H  SB GA TA FO     MP     PP MP  PK MP  
------------------------------------------------------------------------------------
Artturi Lehkonen         0  1  1   1  0   2  2  0  0  0  0/0    22:39   2:16   1:56 
Brandon Carlo            0  0  0   0  2   1  1  2  0  0  0/0    23:17   2:41   1:02 
Calvin de Haan           0  0  0   0  4   0  4  0  0  0  0/0    17:22   0:00   1:04 
Dan Girardi              0  0  0   0  0   0  0  0  0  0  0/0     0:00   0:00   0:00 
David Krejci             1  0  1   1  0   2  2  0  0  0  6/16   19:00   2:11   2:19 
David Pastrnak           1  0  1  -1  0   4  1  0  0  0  0/1    20:16   2:36   0:05 
Dylan Larkin             0  1  1  -1  0   0  0  0  0  0  14/31  20:27   2:36   0:00 
John Moore               0  1  1   1  0   1  2  1  0  0  0/0    16:58   0:00   2:04 
Jonas Brodin             0  2  2   0  0   1  0  2  0  0  0/0    23:58   2:11   2:12 
Leo Komarov              0  0  0   1  0   0  0  0  0  0  0/1     5:15   0:00   0:00 
Mattias Janmark          0  1  1   1  0   1  1  1  0  0  0/0    14:46   0:00   0:00 
Mikko Koivu              0  0  0   0  0   2  0  1  0  0  2/3    17:29   2:16   2:01 
Nick Bjugstad            1  0  1   1  0   1  0  0  0  0  4/6     5:15   0:00   0:00 
Pavel Buchnevich         0  0  0  -1  0   1  2  0  0  0  0/0    20:11   2:36   0:00 
Ron Hainsey              0  0  0   0  0   0  2  2  0  0  0/0    21:08   2:41   2:08 
Urho Vaakanainen         0  0  0   1  0   0  3  0  0  0  0/0    15:04   0:00   0:10 
Warren Foegele           0  0  0   1  0   0  1  0  0  0  0/0    14:46   0:00   0:00 
William Karlsson         0  0  0   0  0   0  2  0  0  0  11/24  17:47   2:16   2:19 

3 Stars

1 - Carey Price (COL)
2 - David Krejci (COL)
3 - Nick Bjugstad (COL)

Power Play

CAROLINA - 1 on 3 Attempt(s) - 33.33%
COLORADO - 1 on 3 Attempt(s) - 33.33%

Penalty Kill

CAROLINA - 2 on 3 Attempt(s) - 66.67% - Score 0 goal in Penalty Kill
COLORADO - 2 on 3 Attempt(s) - 66.67% - Score 0 goal in Penalty Kill

Team Stat

CAROLINA - Hits : 22 - Faceoff Wins : 45 - Blocked Shots : 5 - Penalty Minutes : 6
COLORADO - Hits : 23 - Faceoff Wins : 37 - Blocked Shots : 9 - Penalty Minutes : 6

Official

Referees : Francois St-Laurent and Mitch Dunning
Linesman : Brent Colby and Neil Campbell

Game Notes

No Game Note

Finance

Level 1 -- Attendance: 5849 (97.48%) -- Ticket Income $538,108
Level 2 -- Attendance: 3571 (71.42%) -- Ticket Income $221,402
Level 3 -- Attendance: 2000 (100.00%) -- Ticket Income $68,000
Level 4 -- Attendance: 3260 (81.50%) -- Ticket Income $71,720
Luxury Box -- Attendance: 1000 (100.00%) -- Ticket Income $180,000
Game was played at the Pepsi Center.
Total Attendance: 15680 (87.11%)
Total Ticket Income: $1,079,230
Total Income: $1,079,230

CAROLINA

5 vs 5 Forward 
   Center                   Left Wing                Right Wing               Time % Phy DF OF 
 1 Patrice Bergeron         Dominik Kubalik          Vladimir Tarasenko       35     1   2  2  
 2 Nicklas Backstrom        Matt Martin              Alexander Radulov        30     1   2  2  
 3 David Kampf              Dmitri Sokolov           Adam Henrique            25     1   2  2  
 4 Sam Lafferty             Patrice Bergeron         Joel L'Esperance         10     1   2  2  

5 vs 5 Defense 
   Defense                  Defense                                           Time % Phy DF OF 
 1 Brent Burns              Shea Weber                                        35     1   2  2  
 2 Duncan Keith             Deryk Engelland                                   30     1   2  2  
 3 Sebastian Aho            Matt Benning                                      25     1   2  2  
 4 CAR Cap Hit              Brent Burns                                       10     1   2  2  

PowerPlay Forward 
   Center                   Left Wing                Right Wing               Time % Phy DF OF 
 1 Patrice Bergeron         Dominik Kubalik          Vladimir Tarasenko       60     1   2  2  
 2 Nicklas Backstrom        Matt Martin              Alexander Radulov        40     1   2  2  

PowerPlay Defense
   Defense                  Defense                                           Time % Phy DF OF 
 1 Brent Burns              Shea Weber                                        60     1   2  2  
 2 Duncan Keith             Deryk Engelland                                   40     1   2  2  

Penalty Kill 4 Players Forward 
   Center                   Wing                     Time % Phy DF OF 
 1 Patrice Bergeron         Nicklas Backstrom        60     1   2  2  
 2 Vladimir Tarasenko       Alexander Radulov        40     1   2  2  

Penalty Kill 4 Players Defense
   Defense                  Defense                  Time % Phy DF OF 
 1 Brent Burns              Shea Weber               60     1   2  2  
 2 Duncan Keith             Deryk Engelland          40     1   2  2  

Penalty Kill - 3 Players Forward 
   Forward                                           Time % Phy DF OF 
 1 Patrice Bergeron                                  60     1   2  2  
 2 Nicklas Backstrom                                 40     1   2  2  

Penalty Kill - 3 Players Defense
   Defense                  Defense                  Time % Phy DF OF 
 1 Brent Burns              Shea Weber               60     1   2  2  
 2 Duncan Keith             Deryk Engelland          40     1   2  2  

4 vs 4 Forward 
   Center                   Wing                     Time % Phy DF OF 
 1 Patrice Bergeron         Nicklas Backstrom        60     1   2  2  
 2 Vladimir Tarasenko       Alexander Radulov        40     1   2  2  

4 vs 4 Defense
   Defense                  Defense                  Time % Phy DF OF 
 1 Brent Burns              Shea Weber               60     1   2  2  
 2 Duncan Keith             Deryk Engelland          40     1   2  2  

Last Minutes Offensive
   Center                   Left Wing                Right Wing               Defense                  Defense                  
   Patrice Bergeron         Dominik Kubalik          Vladimir Tarasenko       Brent Burns              Shea Weber               

Last Minutes Defensive
   Center                   Left Wing                Right Wing               Defense                  Defense                  
   Patrice Bergeron         Dominik Kubalik          Vladimir Tarasenko       Brent Burns              Shea Weber               

Goaltenders
Starting : Sergei Bobrovsky         
Backup : Scott Wedgewood          

Extra Forwards
Normal : Cooper Marody, Adam Henrique, David Kampf - PP : Cooper Marody, Adam Henrique - PK : David Kampf
Extra Defensemen
Normal : Sebastian Aho, Matt Benning, CAR Cap Hit - PP : Sebastian Aho - PK : Matt Benning, CAR Cap Hit
Penalty Shots
Patrice Bergeron, Nicklas Backstrom, Vladimir Tarasenko, Alexander Radulov, Adam Henrique

Scratches
Ryan Hartman (Healthy), Claude Giroux (Healthy)

COLORADO

5 vs 5 Forward 
   Center                   Left Wing                Right Wing               Time % Phy DF OF 
 1 Dylan Larkin             David Pastrnak           Pavel Buchnevich         35     1   2  2  
 2 William Karlsson         Artturi Lehkonen         Mikko Koivu              30     1   2  2  
 3 David Krejci             Warren Foegele           Mattias Janmark          25     1   2  2  
 4 Nick Bjugstad            Leo Komarov              Artturi Lehkonen         10     1   2  2  

5 vs 5 Defense 
   Defense                  Defense                                           Time % Phy DF OF 
 1 Brandon Carlo            Jonas Brodin                                      35     1   2  2  
 2 Calvin de Haan           Ron Hainsey                                       30     1   2  2  
 3 Urho Vaakanainen         John Moore                                        25     1   2  2  
 4 Brandon Carlo            Jonas Brodin                                      10     1   2  2  

PowerPlay Forward 
   Center                   Left Wing                Right Wing               Time % Phy DF OF 
 1 Dylan Larkin             David Pastrnak           Pavel Buchnevich         60     1   2  2  
 2 William Karlsson         Artturi Lehkonen         Mikko Koivu              40     1   2  2  

PowerPlay Defense
   Defense                  Defense                                           Time % Phy DF OF 
 1 Brandon Carlo            Ron Hainsey                                       60     1   2  2  
 2 Jonas Brodin             David Krejci                                      40     1   2  2  

Penalty Kill 4 Players Forward 
   Center                   Wing                     Time % Phy DF OF 
 1 William Karlsson         David Krejci             60     1   2  2  
 2 Mikko Koivu              Artturi Lehkonen         40     1   2  2  

Penalty Kill 4 Players Defense
   Defense                  Defense                  Time % Phy DF OF 
 1 Calvin de Haan           Ron Hainsey              60     1   2  2  
 2 Jonas Brodin             Brandon Carlo            40     1   2  2  

Penalty Kill - 3 Players Forward 
   Forward                                           Time % Phy DF OF 
 1 William Karlsson                                  60     1   2  2  
 2 Dylan Larkin                                      40     1   2  2  

Penalty Kill - 3 Players Defense
   Defense                  Defense                  Time % Phy DF OF 
 1 Calvin de Haan           Ron Hainsey              60     1   2  2  
 2 Jonas Brodin             Brandon Carlo            40     1   2  2  

4 vs 4 Forward 
   Center                   Wing                     Time % Phy DF OF 
 1 David Pastrnak           Dylan Larkin             60     1   2  2  
 2 William Karlsson         David Krejci             40     1   2  2  

4 vs 4 Defense
   Defense                  Defense                  Time % Phy DF OF 
 1 Jonas Brodin             Brandon Carlo            60     1   2  2  
 2 Calvin de Haan           Ron Hainsey              40     1   2  2  

Last Minutes Offensive
   Center                   Left Wing                Right Wing               Defense                  Defense                  
   Dylan Larkin             David Pastrnak           Pavel Buchnevich         Brandon Carlo            Ron Hainsey              

Last Minutes Defensive
   Center                   Left Wing                Right Wing               Defense                  Defense                  
   Dylan Larkin             David Pastrnak           Pavel Buchnevich         Brandon Carlo            Ron Hainsey              

Goaltenders
Starting : Carey Price              
Backup : Linus Ullmark            

Extra Forwards
Normal : Dylan Larkin, David Pastrnak, David Krejci - PP : Dylan Larkin, David Pastrnak - PK : Mikko Koivu
Extra Defensemen
Normal : Brandon Carlo, Jonas Brodin, Calvin de Haan - PP : Brandon Carlo - PK : Calvin de Haan, John Moore
Penalty Shots
David Pastrnak, Dylan Larkin, William Karlsson, David Krejci, Pavel Buchnevich

Scratches
COL Cap Hit (Suspend)

% Time on Ice - CAROLINA

Lines # - Real PCT - Wanted PCT - Time Play
Normal Forward
1 - 28% - 35% - 14:21
2 - 32% - 30% - 15:57
3 - 28% - 25% - 14:06
4 - 12% - 10% - 5:58
Normal Defense
1 - 35% - 35% - 17:42
2 - 31% - 30% - 15:49
3 - 27% - 25% - 13:34
4 - 7% - 10% - 3:17
PP Forward
1 - 45% - 60% - 1:57
2 - 55% - 40% - 2:23
PP Defense
1 - 42% - 60% - 1:50
2 - 58% - 40% - 2:30
PK Forward
1 - 70% - 60% - 3:23
2 - 30% - 40% - 1:29
PK Defense
1 - 49% - 60% - 2:22
2 - 51% - 40% - 2:30
PK3 Forward
1 - 0% - 60%
2 - 0% - 40%
PK3 Defense
1 - 0% - 60%
2 - 0% - 40%
44 Forward
1 - 0% - 60%
2 - 0% - 40%
44 Defense
1 - 0% - 60%
2 - 0% - 40%
Last Minute Offensive  - 0:26
Last Minute Defensive  - 0:00
Total
Forward - 60:00
Defense - 60:00

% Time on Ice - COLORADO

Lines # - Real PCT - Wanted PCT - Time Play
Normal Forward
1 - 35% - 35% - 17:35
2 - 26% - 30% - 13:12
3 - 29% - 25% - 14:46
4 - 10% - 10% - 5:15
Normal Defense
1 - 32% - 35% - 16:13
2 - 32% - 30% - 16:19
3 - 29% - 25% - 14:54
4 - 7% - 10% - 3:22
PP Forward
1 - 53% - 60% - 2:36
2 - 47% - 40% - 2:16
PP Defense
1 - 55% - 60% - 2:41
2 - 45% - 40% - 2:11
PK Forward
1 - 55% - 60% - 2:24
2 - 45% - 40% - 1:56
PK Defense
1 - 47% - 60% - 2:03
2 - 53% - 40% - 2:17
PK3 Forward
1 - 0% - 60%
2 - 0% - 40%
PK3 Defense
1 - 0% - 60%
2 - 0% - 40%
44 Forward
1 - 0% - 60%
2 - 0% - 40%
44 Defense
1 - 0% - 60%
2 - 0% - 40%
Last Minute Offensive  - 0:00
Last Minute Defensive  - 0:00
Total
Forward - 60:00
Defense - 60:00

Play-by-Play

1st period


0:01 of 1st period - Dylan Larkin wins face-off versus Patrice Bergeron in neutral zone.
1:07 of 1st period - Shot by Duncan Keith.
1:07 of 1st period - Shot Misses the Net.
2:02 of 1st period - Shot by Adam Henrique.
2:02 of 1st period - Stopped by Carey Price without a rebound.
2:03 of 1st period - Sam Lafferty wins face-off versus David Krejci in COLORADO zone.
2:25 of 1st period - Joel L'Esperance is hit by Urho Vaakanainen and loses puck.
3:13 of 1st period - Minor Penalty to Brandon Carlo for Tripping.
3:14 of 1st period - William Karlsson wins face-off versus Vladimir Tarasenko in COLORADO zone.
3:21 of 1st period - Shot by Brent Burns.
3:21 of 1st period - Stopped by Carey Price without a rebound.
3:22 of 1st period - Alexander Radulov wins face-off versus William Karlsson in COLORADO zone.
3:55 of 1st period - Shot by Alexander Radulov.
3:55 of 1st period - Stopped by Carey Price with a rebound.
3:57 of 1st period - Shot by Duncan Keith.
3:57 of 1st period - Deflect By Nicklas Backstrom.
3:57 of 1st period - Shot Blocked by Mikko Koivu.
3:59 of 1st period - Shot by Duncan Keith.
3:59 of 1st period - Stopped by Carey Price without a rebound.
4:00 of 1st period - Patrice Bergeron wins face-off versus William Karlsson in COLORADO zone.
5:13 of 1st period - Shot by Alexander Radulov.
5:13 of 1st period - Deflect By Adam Henrique.
5:13 of 1st period - Stopped by Carey Price without a rebound.
5:14 of 1st period - David Kampf wins face-off versus Dylan Larkin in COLORADO zone.
5:50 of 1st period - Shot by Adam Henrique.
5:50 of 1st period - Shot Misses the Net.
5:57 of 1st period - Icing by Urho Vaakanainen.
5:58 of 1st period - Vladimir Tarasenko wins face-off versus Dylan Larkin in COLORADO zone.
6:26 of 1st period - Shot by Vladimir Tarasenko.
6:26 of 1st period - Stopped by Carey Price without a rebound.
6:27 of 1st period - Nicklas Backstrom wins face-off versus David Krejci in COLORADO zone.
6:46 of 1st period - Icing by Duncan Keith.
6:47 of 1st period - Nicklas Backstrom wins face-off versus William Karlsson in CAROLINA zone.
7:08 of 1st period - Shot by Nicklas Backstrom.
7:08 of 1st period - Stopped by Carey Price without a rebound.
7:09 of 1st period - Patrice Bergeron wins face-off versus David Krejci in COLORADO zone.
7:18 of 1st period - Shot by Mattias Janmark.
7:18 of 1st period - Stopped by Sergei Bobrovsky without a rebound.
7:19 of 1st period - Dmitri Sokolov wins face-off versus Nick Bjugstad in CAROLINA zone.
7:54 of 1st period - Shot by Artturi Lehkonen.
7:54 of 1st period - Deflect By Nick Bjugstad.
7:54 of 1st period - Goal by Nick Bjugstad - CAROLINA : 0 - COLORADO : 1.
7:55 of 1st period - Vladimir Tarasenko wins face-off versus David Krejci in neutral zone.
9:03 of 1st period - Icing by Urho Vaakanainen.
9:04 of 1st period - Alexander Radulov wins face-off versus Dylan Larkin in COLORADO zone.
9:04 of 1st period - Alexander Radulov is hit by John Moore.
11:09 of 1st period - Minor Penalty to Deryk Engelland for High sticking.
11:10 of 1st period - Dylan Larkin wins face-off versus Patrice Bergeron in CAROLINA zone.
11:11 of 1st period - Shot by Brandon Carlo.
11:11 of 1st period - Shot Misses the Net.
11:53 of 1st period - Shot by Nicklas Backstrom.
11:53 of 1st period - Stopped by Carey Price without a rebound.
11:54 of 1st period - Nicklas Backstrom wins face-off versus Mikko Koivu in COLORADO zone.
12:04 of 1st period - Off-side.
12:05 of 1st period - William Karlsson wins face-off versus Vladimir Tarasenko in neutral zone.
12:14 of 1st period - Shot by William Karlsson.
12:14 of 1st period - Shot Misses the Net.
12:18 of 1st period - Shot by Mikko Koivu.
12:18 of 1st period - Stopped by Sergei Bobrovsky without a rebound.
12:19 of 1st period - Dylan Larkin wins face-off versus Patrice Bergeron in CAROLINA zone.
12:20 of 1st period - Shot by Brandon Carlo.
12:20 of 1st period - Stopped by Sergei Bobrovsky without a rebound.
12:21 of 1st period - Patrice Bergeron wins face-off versus Dylan Larkin in CAROLINA zone.
12:30 of 1st period - Shot by Patrice Bergeron.
12:30 of 1st period - Shot Misses the Net.
13:35 of 1st period - Adam Henrique is hit by John Moore and loses puck.
14:17 of 1st period - Alexander Radulov is hit by Calvin de Haan and loses puck.
15:09 of 1st period - Icing by Nicklas Backstrom.
15:10 of 1st period - Nick Bjugstad wins face-off versus Nicklas Backstrom in CAROLINA zone.
16:33 of 1st period - Shot by Vladimir Tarasenko.
16:33 of 1st period - Stopped by Carey Price without a rebound.
16:34 of 1st period - David Kampf wins face-off versus David Pastrnak in COLORADO zone.
16:34 of 1st period - David Kampf is hit by Calvin de Haan.
16:55 of 1st period - Icing by Dmitri Sokolov.
16:56 of 1st period - David Kampf wins face-off versus William Karlsson in CAROLINA zone.
17:19 of 1st period - Shot by Adam Henrique.
17:19 of 1st period - Stopped by Carey Price without a rebound.
17:20 of 1st period - Dylan Larkin wins face-off versus Dominik Kubalik in COLORADO zone.
17:22 of 1st period - Icing by David Pastrnak.
17:23 of 1st period - Patrice Bergeron wins face-off versus Dylan Larkin in COLORADO zone.
17:35 of 1st period - Icing by Pavel Buchnevich.
17:36 of 1st period - Dylan Larkin wins face-off versus Sam Lafferty in COLORADO zone.
17:44 of 1st period - Shot by Sam Lafferty.
17:44 of 1st period - Shot Misses the Net.
17:46 of 1st period - Shot by Duncan Keith.
17:46 of 1st period - Shot Blocked by Ron Hainsey.
17:48 of 1st period - Shot by Duncan Keith.
17:48 of 1st period - Stopped by Carey Price with a rebound.
17:57 of 1st period - Shot by Joel L'Esperance.
17:57 of 1st period - Stopped by Carey Price without a rebound.
17:58 of 1st period - William Karlsson wins face-off versus David Kampf in COLORADO zone.
17:58 of 1st period - William Karlsson is hit by Dmitri Sokolov.
18:01 of 1st period - Jonas Brodin is hit by Dmitri Sokolov and loses puck.
18:03 of 1st period - Minor Penalty to Dmitri Sokolov for Hooking.
18:04 of 1st period - Patrice Bergeron wins face-off versus William Karlsson in CAROLINA zone.
18:04 of 1st period - Patrice Bergeron is hit by Artturi Lehkonen.
18:14 of 1st period - William Karlsson is hit by Patrice Bergeron and loses puck.
18:23 of 1st period - Shot by Mikko Koivu.
18:23 of 1st period - Stopped by Sergei Bobrovsky without a rebound.
18:24 of 1st period - Dylan Larkin wins face-off versus Vladimir Tarasenko in CAROLINA zone.
18:45 of 1st period - Shot by Jonas Brodin.
18:45 of 1st period - Stopped by Sergei Bobrovsky with a rebound.
18:47 of 1st period - Shot by Jonas Brodin.
18:47 of 1st period - Shot Misses the Net.
18:49 of 1st period - Shot by Jonas Brodin.
18:49 of 1st period - Shot Misses the Net.
18:53 of 1st period - Shot by David Pastrnak.
18:53 of 1st period - Stopped by Sergei Bobrovsky with a rebound.
18:55 of 1st period - Shot by Jonas Brodin.
18:55 of 1st period - Shot Misses the Net.
18:57 of 1st period - Shot by Dylan Larkin.
18:57 of 1st period - Deflect By David Pastrnak.
18:57 of 1st period - Goal by David Pastrnak - CAROLINA : 0 - COLORADO : 2.
18:58 of 1st period - William Karlsson wins face-off versus Sam Lafferty in neutral zone.
Goals for this period are 0 for CAROLINA vs 2 for COLORADO.
Shots for this period are 12 for CAROLINA vs 8 for COLORADO.

2nd period


0:01 of 2nd period - Patrice Bergeron wins face-off versus William Karlsson in neutral zone.
1:13 of 2nd period - Shea Weber is hit by Pavel Buchnevich and loses puck.
1:32 of 2nd period - Shot by Nicklas Backstrom.
1:32 of 2nd period - Stopped by Carey Price with a rebound.
1:37 of 2nd period - Icing by Ron Hainsey.
1:38 of 2nd period - David Kampf wins face-off versus Dylan Larkin in COLORADO zone.
1:45 of 2nd period - Shot by David Kampf.
1:45 of 2nd period - Stopped by Carey Price without a rebound.
1:46 of 2nd period - David Kampf wins face-off versus David Krejci in COLORADO zone.
1:59 of 2nd period - David Kampf is hit by Mattias Janmark and loses puck.
2:09 of 2nd period - Icing by Sebastian Aho.
2:10 of 2nd period - William Karlsson wins face-off versus David Kampf in CAROLINA zone.
2:21 of 2nd period - Shot by Mikko Koivu.
2:21 of 2nd period - Shot Blocked by Sebastian Aho.
2:28 of 2nd period - William Karlsson is hit by Matt Benning and loses puck.
2:31 of 2nd period - Shot by Mikko Koivu.
2:31 of 2nd period - Deflect By Artturi Lehkonen.
2:31 of 2nd period - Stopped by Sergei Bobrovsky without a rebound.
2:32 of 2nd period - Patrice Bergeron wins face-off versus David Krejci in CAROLINA zone.
3:11 of 2nd period - Deryk Engelland is hit by Warren Foegele and loses puck.
3:19 of 2nd period - Icing by Deryk Engelland.
3:20 of 2nd period - Patrice Bergeron wins face-off versus Dylan Larkin in CAROLINA zone.
3:20 of 2nd period - Patrice Bergeron is hit by David Pastrnak.
4:15 of 2nd period - David Pastrnak is hit by Matt Martin and loses puck.
4:35 of 2nd period - Icing by Matt Benning.
4:36 of 2nd period - David Kampf wins face-off versus William Karlsson in CAROLINA zone.
4:43 of 2nd period - Shot by Adam Henrique.
4:43 of 2nd period - Shot Misses the Net.
5:36 of 2nd period - Icing by Urho Vaakanainen.
5:37 of 2nd period - Sam Lafferty wins face-off versus David Krejci in COLORADO zone.
5:37 of 2nd period - Sam Lafferty is hit by Urho Vaakanainen.
6:00 of 2nd period - Mattias Janmark is hit by Shea Weber and loses puck.
7:25 of 2nd period - Duncan Keith is hit by Calvin de Haan and loses puck.
7:45 of 2nd period - Adam Henrique is hit by Calvin de Haan and loses puck.
8:00 of 2nd period - Shot by Adam Henrique.
8:00 of 2nd period - Shot Misses the Net.
8:02 of 2nd period - Shot by David Kampf.
8:02 of 2nd period - Stopped by Carey Price without a rebound.
8:03 of 2nd period - William Karlsson wins face-off versus Patrice Bergeron in COLORADO zone.
8:12 of 2nd period - Shot by Vladimir Tarasenko.
8:12 of 2nd period - Stopped by Carey Price with a rebound.
8:14 of 2nd period - Shot by Brent Burns.
8:14 of 2nd period - Shot Misses the Net.
8:16 of 2nd period - Shot by Patrice Bergeron.
8:16 of 2nd period - Shot Misses the Net.
8:18 of 2nd period - Shot by Patrice Bergeron.
8:18 of 2nd period - Shot Misses the Net.
8:58 of 2nd period - Shot by Sebastian Aho.
8:58 of 2nd period - Stopped by Carey Price without a rebound.
8:59 of 2nd period - David Kampf wins face-off versus Dylan Larkin in COLORADO zone.
10:03 of 2nd period - Shot by Alexander Radulov.
10:03 of 2nd period - Stopped by Carey Price without a rebound.
10:04 of 2nd period - William Karlsson wins face-off versus Sam Lafferty in COLORADO zone.
10:04 of 2nd period - William Karlsson is hit by Sam Lafferty.
10:07 of 2nd period - Artturi Lehkonen is hit by Sam Lafferty and loses puck.
10:12 of 2nd period - Shea Weber is hit by William Karlsson and loses puck.
10:32 of 2nd period - William Karlsson is hit by Shea Weber and loses puck.
10:37 of 2nd period - Shot by William Karlsson.
10:37 of 2nd period - Deflect By Artturi Lehkonen.
10:37 of 2nd period - Stopped by Sergei Bobrovsky without a rebound.
10:38 of 2nd period - Nicklas Backstrom wins face-off versus David Krejci in CAROLINA zone.
11:11 of 2nd period - Shot by Alexander Radulov.
11:11 of 2nd period - Shot Misses the Net.
11:13 of 2nd period - Shot by Deryk Engelland.
11:13 of 2nd period - Shot Blocked by Brandon Carlo.
11:15 of 2nd period - Shot by Nicklas Backstrom.
11:15 of 2nd period - Deflect By Alexander Radulov.
11:15 of 2nd period - Shot Hit the Post.
11:30 of 2nd period - Warren Foegele is hit by Brent Burns and loses puck.
12:07 of 2nd period - David Kampf is hit by David Krejci.
12:19 of 2nd period - Shot by Adam Henrique.
12:19 of 2nd period - Stopped by Carey Price with a rebound.
12:21 of 2nd period - Shot by Adam Henrique.
12:21 of 2nd period - Deflect By David Kampf.
12:21 of 2nd period - Stopped by Carey Price with a rebound.
12:23 of 2nd period - Shot by Adam Henrique.
12:23 of 2nd period - Stopped by Carey Price without a rebound.
12:24 of 2nd period - Nicklas Backstrom wins face-off versus William Karlsson in COLORADO zone.
12:27 of 2nd period - Shot by Nicklas Backstrom.
12:27 of 2nd period - Deflect By Alexander Radulov.
12:27 of 2nd period - Shot Misses the Net.
14:18 of 2nd period - Shot by Vladimir Tarasenko.
14:18 of 2nd period - Shot Misses the Net.
14:25 of 2nd period - Vladimir Tarasenko is hit by Ron Hainsey and loses puck.
14:30 of 2nd period - Shot by Vladimir Tarasenko.
14:30 of 2nd period - Stopped by Carey Price without a rebound.
14:31 of 2nd period - Dylan Larkin wins face-off versus Sam Lafferty in COLORADO zone.
14:31 of 2nd period - David Pastrnak is hit by Patrice Bergeron and loses puck.
14:35 of 2nd period - Icing by Jonas Brodin.
14:36 of 2nd period - Dylan Larkin wins face-off versus Sam Lafferty in COLORADO zone.
14:36 of 2nd period - Dylan Larkin is hit by Sam Lafferty.
15:12 of 2nd period - Icing by John Moore.
15:13 of 2nd period - William Karlsson wins face-off versus Alexander Radulov in COLORADO zone.
15:13 of 2nd period - William Karlsson is hit by Matt Martin.
15:59 of 2nd period - Icing by Calvin de Haan.
16:00 of 2nd period - David Krejci wins face-off versus Dmitri Sokolov in COLORADO zone.
16:07 of 2nd period - Shea Weber is hit by David Krejci and loses puck.
16:34 of 2nd period - Shot by David Kampf.
16:34 of 2nd period - Stopped by Carey Price without a rebound.
16:35 of 2nd period - Dylan Larkin wins face-off versus Patrice Bergeron in COLORADO zone.
16:42 of 2nd period - Shot by Patrice Bergeron.
16:42 of 2nd period - Stopped by Carey Price without a rebound.
16:43 of 2nd period - Patrice Bergeron wins face-off versus Dylan Larkin in COLORADO zone.
16:47 of 2nd period - Icing by Jonas Brodin.
16:48 of 2nd period - Patrice Bergeron wins face-off versus Dylan Larkin in COLORADO zone.
17:03 of 2nd period - Pavel Buchnevich is hit by Shea Weber and loses puck.
17:04 of 2nd period - Minor Penalty to Shea Weber for Cross-checking.
17:05 of 2nd period - Patrice Bergeron wins face-off versus William Karlsson in CAROLINA zone.
17:22 of 2nd period - Nicklas Backstrom is hit by Brandon Carlo and loses puck.
17:48 of 2nd period - Duncan Keith is hit by Artturi Lehkonen and loses puck.
18:05 of 2nd period - Shot by David Pastrnak.
18:05 of 2nd period - Shot Blocked by Brent Burns.
18:07 of 2nd period - Shot by David Krejci.
18:07 of 2nd period - Shot Blocked by Brent Burns.
18:27 of 2nd period - Shot by David Krejci.
18:27 of 2nd period - Shot Blocked by Dmitri Sokolov.
19:19 of 2nd period - Icing by Joel L'Esperance.
19:20 of 2nd period - Nick Bjugstad wins face-off versus Sam Lafferty in CAROLINA zone.
19:44 of 2nd period - Icing by Sebastian Aho.
19:45 of 2nd period - David Krejci wins face-off versus Sam Lafferty in CAROLINA zone.
Goals for this period are 0 for CAROLINA vs 0 for COLORADO.
Shots for this period are 12 for CAROLINA vs 2 for COLORADO.

3rd period


0:01 of 3rd period - William Karlsson wins face-off versus Vladimir Tarasenko in neutral zone.
0:03 of 3rd period - Jonas Brodin is hit by Vladimir Tarasenko and loses puck.
0:29 of 3rd period - Icing by Brandon Carlo.
0:30 of 3rd period - Nicklas Backstrom wins face-off versus William Karlsson in COLORADO zone.
1:14 of 3rd period - Icing by Duncan Keith.
1:15 of 3rd period - Dylan Larkin wins face-off versus Nicklas Backstrom in CAROLINA zone.
2:28 of 3rd period - Shot by Adam Henrique.
2:28 of 3rd period - Stopped by Carey Price without a rebound.
2:29 of 3rd period - Nick Bjugstad wins face-off versus David Kampf in COLORADO zone.
2:42 of 3rd period - Shot by Adam Henrique.
2:42 of 3rd period - Stopped by Carey Price with a rebound.
2:47 of 3rd period - Icing by Artturi Lehkonen.
2:48 of 3rd period - Matt Martin wins face-off versus Nick Bjugstad in COLORADO zone.
2:58 of 3rd period - Brandon Carlo is hit by Deryk Engelland and loses puck.
3:12 of 3rd period - Icing by Brandon Carlo.
3:13 of 3rd period - Nick Bjugstad wins face-off versus Patrice Bergeron in COLORADO zone.
3:13 of 3rd period - Nick Bjugstad is hit by Dominik Kubalik.
3:18 of 3rd period - Artturi Lehkonen is hit by Shea Weber and loses puck.
4:43 of 3rd period - Icing by Duncan Keith.
4:44 of 3rd period - David Krejci wins face-off versus David Kampf in CAROLINA zone.
4:53 of 3rd period - Shot by Mattias Janmark.
4:53 of 3rd period - Shot Misses the Net.
4:56 of 3rd period - Icing by Duncan Keith.
4:57 of 3rd period - David Kampf wins face-off versus David Krejci in CAROLINA zone.
5:49 of 3rd period - Off-side.
5:50 of 3rd period - Patrice Bergeron wins face-off versus Dylan Larkin in neutral zone.
5:50 of 3rd period - Vladimir Tarasenko is hit by Pavel Buchnevich and loses puck.
5:58 of 3rd period - Double Minor Penalty to Calvin de Haan for High sticking.
5:59 of 3rd period - Patrice Bergeron wins face-off versus William Karlsson in COLORADO zone.
5:59 of 3rd period - Patrice Bergeron is hit by Ron Hainsey.
6:03 of 3rd period - Shot by Vladimir Tarasenko.
6:03 of 3rd period - Deflect By Dominik Kubalik.
6:03 of 3rd period - Shot Blocked by Ron Hainsey.
6:05 of 3rd period - Shot by Duncan Keith.
6:05 of 3rd period - Stopped by Carey Price without a rebound.
6:06 of 3rd period - William Karlsson wins face-off versus Patrice Bergeron in COLORADO zone.
6:25 of 3rd period - Shot by Vladimir Tarasenko.
6:25 of 3rd period - Deflect By Dominik Kubalik.
6:25 of 3rd period - Shot Misses the Net.
6:27 of 3rd period - Shot by Patrice Bergeron.
6:27 of 3rd period - Shot Misses the Net.
6:29 of 3rd period - Shot by Brent Burns.
6:29 of 3rd period - Shot Misses the Net.
6:31 of 3rd period - Shot by Shea Weber.
6:31 of 3rd period - Shot Blocked by Jonas Brodin.
7:38 of 3rd period - Icing by Nicklas Backstrom.
7:39 of 3rd period - Mikko Koivu wins face-off versus Nicklas Backstrom in CAROLINA zone.
8:13 of 3rd period - Shot by Patrice Bergeron.
8:13 of 3rd period - Shot Blocked by John Moore.
8:15 of 3rd period - Shot by Shea Weber.
8:15 of 3rd period - Shot Misses the Net.
8:17 of 3rd period - Shot by Brent Burns.
8:17 of 3rd period - Shot Misses the Net.
8:19 of 3rd period - Shot by Vladimir Tarasenko.
8:19 of 3rd period - Goal by Vladimir Tarasenko - CAROLINA : 1 - COLORADO : 2.
8:20 of 3rd period - Adam Henrique wins face-off versus Dylan Larkin in neutral zone.
8:31 of 3rd period - Shot by Adam Henrique.
8:31 of 3rd period - Goal by Adam Henrique - CAROLINA : 2 - COLORADO : 2.
8:32 of 3rd period - Patrice Bergeron wins face-off versus Dylan Larkin in neutral zone.
8:54 of 3rd period - David Pastrnak is hit by Shea Weber and loses puck.
9:20 of 3rd period - Icing by Urho Vaakanainen.
9:21 of 3rd period - Dylan Larkin wins face-off versus David Kampf in COLORADO zone.
9:44 of 3rd period - Shot by Adam Henrique.
9:44 of 3rd period - Shot Misses the Net.
9:51 of 3rd period - Off-side.
9:52 of 3rd period - Nicklas Backstrom wins face-off versus William Karlsson in neutral zone.
10:35 of 3rd period - Alexander Radulov is hit by William Karlsson and loses puck.
11:02 of 3rd period - Shot by David Krejci.
11:02 of 3rd period - Stopped by Sergei Bobrovsky with a rebound.
11:16 of 3rd period - Shot by Vladimir Tarasenko.
11:16 of 3rd period - Stopped by Carey Price without a rebound.
11:17 of 3rd period - Dylan Larkin wins face-off versus David Kampf in COLORADO zone.
11:23 of 3rd period - Off-side.
11:24 of 3rd period - David Kampf wins face-off versus Dylan Larkin in neutral zone.
11:47 of 3rd period - Shot by Adam Henrique.
11:47 of 3rd period - Deflect By Dmitri Sokolov.
11:47 of 3rd period - Shot Hit the Post.
12:42 of 3rd period - Shot by Dominik Kubalik.
12:42 of 3rd period - Shot Misses the Net.
12:44 of 3rd period - Shot by Sebastian Aho.
12:44 of 3rd period - Shot Blocked by Jonas Brodin.
12:46 of 3rd period - Shot by Sebastian Aho.
12:46 of 3rd period - Stopped by Carey Price without a rebound.
12:47 of 3rd period - Nicklas Backstrom wins face-off versus David Krejci in COLORADO zone.
13:10 of 3rd period - Shot by Alexander Radulov.
13:10 of 3rd period - Stopped by Carey Price without a rebound.
13:11 of 3rd period - Sam Lafferty wins face-off versus Leo Komarov in COLORADO zone.
13:59 of 3rd period - Off-side.
14:00 of 3rd period - Nicklas Backstrom wins face-off versus Dylan Larkin in neutral zone.
14:10 of 3rd period - Icing by Nicklas Backstrom.
14:11 of 3rd period - David Krejci wins face-off versus Nicklas Backstrom in CAROLINA zone.
14:11 of 3rd period - David Krejci is hit by Deryk Engelland.
14:25 of 3rd period - Shot by David Krejci.
14:25 of 3rd period - Shot Misses the Net.
14:27 of 3rd period - Shot by Mattias Janmark.
14:27 of 3rd period - Shot Misses the Net.
14:29 of 3rd period - Shot by John Moore.
14:29 of 3rd period - Stopped by Sergei Bobrovsky with a rebound.
14:31 of 3rd period - Shot by Mattias Janmark.
14:31 of 3rd period - Deflect By David Krejci.
14:31 of 3rd period - Goal by David Krejci - CAROLINA : 2 - COLORADO : 3.
14:32 of 3rd period - Dylan Larkin wins face-off versus David Kampf in neutral zone.
14:37 of 3rd period - Shot by Pavel Buchnevich.
14:37 of 3rd period - Stopped by Sergei Bobrovsky without a rebound.
14:38 of 3rd period - Dylan Larkin wins face-off versus Dominik Kubalik in CAROLINA zone.
14:38 of 3rd period - Brandon Carlo is hit by Shea Weber and loses puck.
15:01 of 3rd period - Shot by Dominik Kubalik.
15:01 of 3rd period - Shot Blocked by Brandon Carlo.
15:03 of 3rd period - Shot by Shea Weber.
15:03 of 3rd period - Stopped by Carey Price without a rebound.
15:04 of 3rd period - William Karlsson wins face-off versus Nicklas Backstrom in COLORADO zone.
15:16 of 3rd period - William Karlsson is hit by Deryk Engelland and loses puck.
15:31 of 3rd period - Shot by Mikko Koivu.
15:31 of 3rd period - Shot Misses the Net.
15:33 of 3rd period - Shot by Calvin de Haan.
15:33 of 3rd period - Shot Blocked by Duncan Keith.
16:09 of 3rd period - Shot by David Pastrnak.
16:09 of 3rd period - Stopped by Sergei Bobrovsky without a rebound.
16:10 of 3rd period - David Krejci wins face-off versus David Kampf in CAROLINA zone.
16:29 of 3rd period - Shot by Adam Henrique.
16:29 of 3rd period - Shot Misses the Net.
16:31 of 3rd period - Shot by David Kampf.
16:31 of 3rd period - Shot Misses the Net.
16:33 of 3rd period - Shot by Adam Henrique.
16:33 of 3rd period - Stopped by Carey Price without a rebound.
16:34 of 3rd period - Patrice Bergeron wins face-off versus Dylan Larkin in COLORADO zone.
16:43 of 3rd period - Shot by David Pastrnak.
16:43 of 3rd period - Shot Misses the Net.
16:59 of 3rd period - Shot by David Pastrnak.
16:59 of 3rd period - Stopped by Sergei Bobrovsky without a rebound.
17:00 of 3rd period - Mikko Koivu wins face-off versus David Kampf in CAROLINA zone.
17:25 of 3rd period - Shot by Adam Henrique.
17:25 of 3rd period - Stopped by Carey Price without a rebound.
17:26 of 3rd period - Patrice Bergeron wins face-off versus Dylan Larkin in COLORADO zone.
18:27 of 3rd period - Icing by Duncan Keith.
18:28 of 3rd period - Matt Martin wins face-off versus William Karlsson in CAROLINA zone.
18:52 of 3rd period - Shot by Nicklas Backstrom.
18:52 of 3rd period - Stopped by Carey Price without a rebound.
18:53 of 3rd period - David Krejci wins face-off versus David Kampf in COLORADO zone.
19:01 of 3rd period - CAROLINA, Sergei Bobrovsky is pulled from the net.
19:14 of 3rd period - Adam Henrique is hit by Urho Vaakanainen and loses puck.
19:17 of 3rd period - Shot by Adam Henrique.
19:17 of 3rd period - Stopped by Carey Price with a rebound.
19:21 of 3rd period - Shot by David Kampf.
19:21 of 3rd period - Shot Misses the Net.
19:49 of 3rd period - Shot by Brent Burns.
19:49 of 3rd period - Shot Hit the Post.
19:51 of 3rd period - Shot by Shea Weber.
19:51 of 3rd period - Stopped by Carey Price with a rebound.
19:53 of 3rd period - Shot by Brent Burns.
19:53 of 3rd period - Shot Blocked by Mattias Janmark.
Goals for this period are 2 for CAROLINA vs 1 for COLORADO.
Shots for this period are 14 for CAROLINA vs 6 for COLORADO.